[Event "*** Titled Tuesday Blitz"]
[Site "Chess.com"]
[Date "2019.03.05"]
[Round "4"]
[White "Slovak_fighter2000"]
[Black "fish7728"]
[Result "1-0"]
[WhiteElo "2465"]
[BlackElo "2246"]
[TimeControl "180+2"]
[EndTime "13:59:18 PST"]
[Termination "Slovak_fighter2000 won by resignation"]

1. e4 c5 2. Nf3 Nc6 3. Bb5 g6 4. O-O Bg7 5. c3 Nf6 6. Re1 O-O 7. d4 cxd4 8. cxd4 d5 9. e5 Nd7 10. Nc3 Nb6 11. Bf4 a6 12. Be2 Bg4 13. h3 Bxf3 14.
Bxf3 Qd7 15. Bg5 Nd8 16. Qb3 Ne6 17. Be3 Nc4 18. Bxd5 Nxe3 19. fxe3 Rad8 20. Bxe6 fxe6 21. Ne4 Bh6 22. Nc5 Qd5 23. Qxd5 Rxd5 24. Nxe6 Rc8 25. e4 Rb5 26. Re2 Rc4 27. d5 Rbb4 28. Rd1 Rxe4 29. Rxe4 Rxe4 30. d6 exd6 31. exd6 Rxe6 32. d7 Bg5 33.
d8=Q+ Bxd8 34. Rxd8+ Kf7 35. Kf2 Re7 36. Kf3 Ke6 37. Ke4 Rc7 38. Re8+ Kf7 39. Rb8 Ke6 40. Kd4 Kd6 41. a4 Kc6 42. Rf8 Kd6 43. Rf6+ Ke7 44.
Rb6 Kd7 45. Kd5 Ke7 46. g4 Rd7+ 47. Kc5 Rc7+ 48. Kd5 Rd7+ 49. Ke5 Rc7 50. Kf4 Kf7 51. Kg5 Kg7 52. Kf4 Kf7 53. Ke5 Ke7 54. Re6+ Kf7 55.
Rd6 Ke7 56. Rb6 Rc5+ 57. Kd4 Rc7 58. Kd5 Rd7+ 59. Kc5 Rc7+ 60. Kb4 Kf7 61. Rd6 Ke7 62. Rd3 Rc2 63. b3 Rh2 64. Ka5 Rb2 65. Kb6 Rc2 66.
Kxb7 a5 67. Ka6 Rc5 68. Kb6 Re5 69. Rc3 Kd6 70. Rc6+ Kd7 71. Rc5 Re3 72. Rb5 Re6+ 73. Kxa5 Kc7 74. Kb4 Re3 75. Rc5+ Kb6 76. Rc3 Re4+ 77.
Ka3 Ka5 78. b4+ Kb6 79. a5+ Kb5 80. Rc5+ Ka6 81. Ka4 Re1 82. Rc6+ Kb7 83. Rf6 Ra1+ 84. Kb5 Rh1 85. Rf7+ Kc8 86. Rxh7 g5 87. Ka6 Re1 88. b5 Re6+ 89. b6 Re8 90. Ka7 Rf8 91. b7+ 1-0

[Event "*** Titled Tuesday Blitz"]
[Site "Chess.com"]
[Date "2019.03.05"]
[Round "4"]
[White "ajkom197"]
[Black "toog"]
[Result "1-0"]
[WhiteElo "2391"]
[BlackElo "2244"]
[TimeControl "180+2"]
[EndTime "13:59:21 PST"]
[Termination "ajkom197 won by resignation"]

1. e4 c5 2. c3 d5 3. exd5 Nf6 4. d4 cxd4 5. cxd4 Nxd5 6. Nc3 Nc6 7. Nf3 Bg4 8. Be2 e6 9. O-O Be7 10. h3 Bh5 11.
Ne5 Bxe2 12. Nxc6 Bxd1 13. Nxd8 Rxd8 14. Rxd1 O-O 15. Be3 Bf6 16. Rac1 Rd7 17. Nxd5 exd5 18. Kf1 g6 19. Bf4 Re8 20. Rc3 Kg7 21. Ra3 a6 22. Rb3 Rc8 23. Rc3 Rc4 24. Rxc4 dxc4 25. Be3 Rd5 26. b3 cxb3 27. axb3 Kf8 28. Ke2 Ke7 29. Kd3 Ke6 30. Rc1 Kd7 31. Ke4 Rb5 32. Rc3 Rb6 33. Kd3 Rc6 34. Rc4 b5 35. Rc5 Rxc5 36. dxc5 Kc6 37. b4 Kd5 38. Bd2 Bd4 39. f3 Be5 40.
Be1 f5 41. Bd2 a5 42. bxa5 Kxc5 43. g4 b4 44. a6 Kb6 45. Bxb4 Kxa6 46. Kc4 fxg4 47.
fxg4 h5 48. Kd5 hxg4 49. hxg4 Bf4 50. Ke6 Kb5 51. Be7 Kc4 52. Kf6 g5 53. Kf5 Kd5 54. Bxg5 Bg3 55. Bf6 Kd6 56. g5 Kd7 57. g6 Ke8 58.
Bg7 Be1 59. Ke6 Bd2 60. Bf6 Bh6 61. Bg5 Bg7 62. Be7 Bh6 63. Kf6 Bc1 64. Ke6 Bh6 65. Bg5 Bg7 66. Be7 Bh6 67. Bd6 Bg7 68. Bb4 Bh6 69. Kf6 Bc1 70. Kg7 Bb2+ 71. Kh7 Be5 72. Bd2 Ke7 73. Bh6 Ke8 74. Bg7 Bd6 75. Bc3 Bf8 76.
Bd4 Kd7 77. Be3 Ke6 78. Bh6 1-0

[Event "*** Titled Tuesday Blitz"]
[Site "Chess.com"]
[Date "2019.03.05"]
[Round "4"]
[White "GM_dmitrij"]
[Black "nikitakhoroshev"]
[Result "1-0"]
[WhiteElo "2862"]
[BlackElo "2605"]
[TimeControl "180+2"]
[EndTime "13:59:25 PST"]
[Termination "GM_dmitrij won on time"]

1. e4 c5 2. Nf3 d6 3. Bb5+ Bd7 4. Bxd7+ Qxd7 5. c4 e5 6. Nc3 Nc6 7. a3 Nge7 8. Rb1 a5 9. O-O g6 10. Nd5 Nxd5 11.
exd5 Ne7 12. b4 axb4 13. axb4 b6 14. bxc5 bxc5 15. d4 cxd4 16. Nxd4 Bg7 17. Nb5 O-O 18. Ba3 Nc8 19. Qb3 e4 20. Rfe1 f5 21. c5 Be5 22.
c6 Qe7 23. Bb2 Rb8 24. Bxe5 Qxe5 25. Qc3 Qe7 26. Nd4 Rxb1 27. Rxb1 Qe5 28. Qc4 e3 29.
fxe3 Qxe3+ 30. Kh1 Qe4 31. Rd1 Re8 32. h3 Nb6 33.
Qb3 Nc8 34. Ne6 f4 35. Qc3 Re7 36. Qf6 Qf5 37. Qxf5 gxf5 38. Rb1 Kf7 39. Rb8 Re8 40. Nxf4 Kf6 41. Nd3 h5 42. h4 Kf7 43. Rb7+ Kf6 44. Rb8 Kf7 45. Nf4 Re1+ 46. Kh2 Ne7 47. Rh8 Re4 48. g3 Kg7 49. Rxh5 Rd4 50. Rg5+ Kf6 51. c7 Rc4 52. Nh5+ Ke5 53. Rg7 Nxd5 54. Nf4 Nxf4 55. gxf4+ Kxf4 56. h5 Rc2+ 57. Kh3 Rc3+ 58. Kg2 Rc2+ 59.
Kg1 Kf3 60. h6 Rc1+ 61. Kh2 Rc2+ 62. Kh3 Rc1 63. Kh4 Kf4 64. Kh5 Rh1+ 65. Kg6 Rc1 66. h7 Rg1+ 67. Kf6 1-0

[Event "*** Titled Tuesday Blitz"]
[Site "Chess.com"]
[Date "2019.03.05"]
[Round "4"]
[White "GMKrikor"]
[Black "jocmil"]
[Result "1-0"]
[WhiteElo "2723"]
[BlackElo "2425"]
[TimeControl "180+2"]
[EndTime "13:59:35 PST"]
[Termination "GMKrikor won by checkmate"]

1. Nf3 Nf6 2. c4 c6 3. d4 d5 4. e3 a6 5. Bd3 e6 6. O-O Bd6 7. Nbd2 Nbd7 8. e4 dxe4 9. Nxe4 Nxe4 10. Bxe4 Qc7 11. Re1 Nf6 12. Bc2 c5 13. d5 O-O 14.
Bg5 exd5 15. Bxf6 gxf6 16. Qxd5 Kg7 17. Rad1 Bf4 18. Qh5 Rh8 19. g3 Bh6 20. Nh4 Be6 21.
Nf5+ Bxf5 22. Qxf5 Rad8 23. Rxd8 Qxd8 24. Rd1 Qe7 25. Qg4+ Bg5 26. h4 h5 27. Qd7 Qxd7 28.
Rxd7 Bc1 29. Rxb7 Rd8 30. Be4 Rd2 31. b3 Bb2 32. Bd5 Bd4 33. Rxf7+ Kg6 34. Rd7 Bxf2+ 35.
Kg2 Bd4+ 36. Kf1 Rf2+ 37. Ke1 Rxa2 38. Be4+ f5 39. Rd6+ Kg7 40. Bxf5 a5 41. Kd1 a4 42. bxa4 Rxa4 43. Rg6+ Kf7 44. Rg5 Rxc4 45. Rxh5 Rc3 46. g4 Re3 47. Rh7+ Bg7 48. h5 Rh3 49. g5 Rh1+ 50. Kc2 Kg8 51. h6 Bf8 52. Rd7 Bxh6 53.
gxh6 Rxh6 54. Bd3 Kf8 55. Kc3 Rh4 56. Rd5 Ke7 57. Rxc5 Kd6 58. Ra5 Ke6 59. Kd2 Kd6 60. Ke3 Ke6 61. Be4 Kd6 62. Kd4 Rh2 63. Ra6+ Ke7 64.
Ke5 Re2 65. Ra7+ Ke8 66. Kd5 Kf8 67. Bf5 Kg8 68. Kd6 Kh8 69. Be6 Rd2+ 70. Ke5 Re2+ 71.
Kf6 Rf2+ 72. Bf5 Rg2 73. Ra4 Rg3 74. Rh4+ Kg8 75. Be6+ Kf8 76. Rh8+ Rg8 77. Rxg8# 1-0

[Event "*** Titled Tuesday Blitz"]
[Site "Chess.com"]
[Date "2019.03.05"]
[Round "4"]
[White "davidarenas1224"]
[Black "Zarikovs1999"]
[Result "1/2-1/2"]
[WhiteElo "2501"]
[BlackElo "2300"]
[TimeControl "180+2"]
[EndTime "14:00:04 PST"]
[Termination "Game drawn - insufficient material"]

1. e4 c5 2. Nf3 Nf6 3. Nc3 d5 4. exd5 Nxd5 5. Bb5+ Bd7 6. Qe2 Nb4 7. d4 Bxb5 8. Nxb5 a6 9. Na3 cxd4 10. O-O e6 11. Rd1 N8c6 12. c3 Nd5 13. Nxd4 Nxd4 14. Rxd4 Bxa3 15.
bxa3 Nxc3 16. Rxd8+ Rxd8 17. Qc2 Rd1+ 18. Qxd1 Nxd1 19. Rb1 Nc3 20. Rxb7 O-O 21. Bb2 Rd8 22. g3 Nb5 23. a4 Nd6 24. Ra7 Nc4 25. Bc3 h6 26. Rxa6 Rd1+ 27. Kg2 Rc1 28. Bd4 Rc2 29. Ra8+ Kh7 30. a5 Rxa2 31. a6 Ra5 32. a7 e5 33. Rb8 exd4 34. a8=Q Rxa8 35. Rxa8 d3 36.
Kf3 Ne5+ 37. Ke4 Ng4 38. Kxd3 Nxf2+ 39. Ke2 Ng4 40. h3 Nf6 41. Ra7 Kg6 42. Kf3 h5 43. h4 Ng4 44. Ra6+ f6 45. Ra5 Ne5+ 46. Kf4 Nf7 47.
Ra7 Ne5 48. Ra6 Nf7 49. Ra5 Ne5 50. Rd5 Nf7 51. Rb5 Ne5 52. Rb1 Nf7 53. Rg1 Ne5 54. Rg2 Ng4 55. Ra2 Ne5 56. Ra4 Nd3+ 57. Ke3 Ne5 58.
Kf2 Nd3+ 59. Kg2 Ne5 60. Kh3 Kf5 61. Rf4+ Kg6 62. Rb4 Nf3 63. Ra4 Ne5 64. Rb4 Ng4 65. Rb7 Nf2+ 66. Kg2 Ng4 67. Kf3 Ne5+ 68. Kf4 Nf7 69.
Rb5 Ne5 70. Rd5 Ng4 71. Ra5 Ne5 72. Ra7 Nd3+ 73. Ke3 Ne5 74. Kf4 Ng4 75. Ra5 Nf2 76. Ra2 Nd3+ 77. Ke4 Ne5 78. Re2 Ng4 79. Kf4 Ne5 80. Rxe5 fxe5+ 81. Kxe5 Kf7 82. Kf5 g6+ 83. Ke5 Ke7 84. Kd5 Kf6 85. Ke4 g5 86. hxg5+ Kxg5 87. Kf3 h4 88. gxh4+ Kxh4 1/2-1/2

[Event "*** Titled Tuesday Blitz"]
[Site "Chess.com"]
[Date "2019.03.05"]
[Round "4"]
[White "StephenDedalus83"]
[Black "M1711"]
[Result "1-0"]
[WhiteElo "2705"]
[BlackElo "2508"]
[TimeControl "180+2"]
[EndTime "14:00:18 PST"]
[Termination "StephenDedalus83 won by resignation"]

1. e4 e5 2. Nf3 Nc6 3. Bb5 a6 4. Ba4 Nf6 5. O-O Be7 6. Re1 b5 7. Bb3 O-O 8. d4 d6 9. c3 Bg4 10. Be3 Bh5 11. h3 Qd7 12. Nbd2 Bg6 13. Bc2 exd4 14.
cxd4 d5 15. e5 Ne4 16. Qb1 Nxd2 17. Nxd2 f6 18. Bxg6 hxg6 19. e6 Qxe6 20. Qxg6 Qf7 21. Qc2 Nb4 22. Qc3 c5 23. dxc5 Nc6 24. Nf3 b4 25.
Qb3 Rab8 26. Rad1 Rfd8 27. Qa4 Ne5 28. Nxe5 fxe5 29. c6 Bh4 30. Rf1 d4 31. Bd2 Rf8 32. Bxb4 Rfc8 33. Bd6 Rxb2 34. Bxe5 Rxf2 35. Bxd4 Qxa2 36.
Qxa2+ Rxa2 37. Rc1 Rd2 38. Be5 Rd5 39. Bf4 Bf6 40. c7 Bb2 41. Rc2 Bd4+ 42. Kh1 Bb6 43. Rb1 Rb5 44. Rxb5 axb5 45. Rb2 Bxc7 46. Rc2 Rf8 47.
Bxc7 Rc8 48. Rc5 b4 49. Bd6 Rd8 50. Rc6 b3 51. Be5 Re8 52. Bc3 Re3 53. Kg1 Rd3 54. Kf1 Rd1+ 55. Ke2 Rc1 56. Rc8+ Kh7 57. Rc7 b2 58.
Rxg7+ Kh6 59. Bxb2 Rc2+ 60. Kf3 Rxb2 61. Re7 Kg5 62. Re5+ Kf6 63. Re2 Rb4 64. g4 Kg5 65.
Re5+ Kf6 66. Rf5+ Kg6 67. Kg3 Rb8 68. Rf3 Ra8 69. h4 Ra4 70. Re3 Ra6 71. Kf4 Ra4+ 72. Re4 Ra1 73. Re6+ Kf7 74. Rb6 Ra4+ 75. Kg5 Ra5+ 76.
Kh6 Ra4 77. Kh5 Kg7 78. Rb7+ Kf6 79. g5+ Kf5 80. Rf7+ Ke6 81. Rf1 Ra8 82. g6 Ra4 83. Kg5 Ra5+ 84. Kh6 Ra8 85. g7 Ke7 86. Kh7 Ra4 87. h5 Ra5 88. h6 Rf5 89. Rxf5 1-0

[Event "*** Titled Tuesday Blitz"]
[Site "Chess.com"]
[Date "2019.03.05"]
[Round "4"]
[White "jbj"]
[Black "Annawel"]
[Result "1/2-1/2"]
[WhiteElo "2591"]
[BlackElo "2896"]
[TimeControl "180+2"]
[EndTime "14:00:22 PST"]
[Termination "Game drawn by agreement"]

1. e4 c5 2. d4 cxd4 3. c3 d3 4. Bxd3 d6 5. c4 g6 6. h3 Nf6 7. Nf3 Bg7 8. O-O O-O 9. Nc3 Nc6 10. Be3 Nd7 11. Rc1 Nc5 12. Bb1 Be6 13. b3 a5 14. Nd4 a4 15. Nxe6 fxe6 16. Bxc5 axb3 17. Be3 Bxc3 18. Qxb3 Bg7 19. c5 dxc5 20. Qxe6+ Kh8 21. Bxc5 Nd4 22. Bxd4 Bxd4 23. Qb3 Qd6 24. Rcd1 e5 25. Qxb7 Rab8 26. Qd5 Qf6 27. Kh1 Rb2 28. f4 Qa6 29.
Bd3 Qxa2 30. Qxa2 Rxa2 31. fxe5 Rxf1+ 32. Rxf1 Bxe5 33. Bc4 Rc2 34. Bd5 h5 35. h4 Bg3 36. e5 Bxe5 37. Kg1 Kg7 38. Rf7+ Kh6 39. Kf1 Bg3 40. Be4 Rc1+ 41. Ke2 Re1+ 42. Kd3 Bxh4 43. Ra7 Rd1+ 44. Ke2 Re1+ 45. Kd3 Rf1 46. Ra6 Bf6 47. Bf3 Kg5 48. Ra5+ Kf4 49. Ke2 Rb1 50. Ra6 Rb2+ 51. Kd3 Ke5 52. Ra5+ Ke6 53. Ra6+ Kf7 54. Bd5+ Kg7 55.
Ra7+ Kh6 56. Ra6 Bd8 57. Be4 Bb6 58. Kc3 Rb5 59. Bd3 Rc5+ 60. Kb4 Rd5 61. Kc4 Rd4+ 62. Kc3 Rd6 63. Kc2 Kg5 64. Ra4 Bd4 65. Kd2 h4 66. Ke2 Re6+ 67. Kf1 Rf6+ 68. Ke1 Be3 69. Re4 Bf2+ 70.
Ke2 Bg3 71. Kd1 Rd6 72. Ke2 Rb6 73. Re8 Rb2+ 74. Kf1 Rd2 75. Be2 Rc2 76. Rd8 Rc5 77.
Rd1 Kf4 78. Bf3 g5 79. Rd4+ Kf5 80. Rd5+ Rxd5 81. Bxd5 Kf4 82. Bc6 Ke3 83. Kg1 Be5 84. Kh1 Kf2 85. Bb7 g4 86. Bc6 g3 87. Bb7 Bd4 88. Bc6 Kf1 89. Bd5 Bg1 90. Bc6 Bh2 1/2-1/2

[Event "*** Titled Tuesday Blitz"]
[Site "Chess.com"]
[Date "2019.03.05"]
[Round "4"]
[White "WPWPWP-2015"]
[Black "champ2005"]
[Result "0-1"]
[WhiteElo "2395"]
[BlackElo "2778"]
[TimeControl "180+2"]
[EndTime "14:00:30 PST"]
[Termination "champ2005 won by checkmate"]

1. e4 c5 2. Nf3 d6 3. d4 cxd4 4.
Nxd4 Nf6 5. Nc3 a6 6. h3 e6 7. g4 Be7 8. Bg2 Nfd7 9. O-O g5 10. Nde2 Nc6 11. Ng3 Nce5 12. a4 b6 13. f4 gxf4 14. Bxf4 Bb7 15. Nh5 Rg8 16. Bh6 Qc8 17.
Ng7+ Kd8 18. Nh5 Kc7 19. a5 b5 20. Be3 Kb8 21. Kh1 Qc7 22. Ne2 Nc5 23. Neg3 Bh4 24. Nf6 Bxf6 25. Rxf6 Bc6 26. Bd4 Ncd7 27. Rf1 Kb7 28.
Bf2 Rad8 29. Qd4 Kb8 30. b3 Nc5 31. Rab1 h5 32. Nxh5 f5 33. b4 Nxe4 34. Qb6+ Qxb6 35. Bxb6 Rdf8 36. gxf5 Rxg2 37. Kxg2 Nd2+ 38. Kf2 Rxf5+ 39. Ke2 Nxf1 40. Rxf1 Rxh5 41. Rf8+ Kb7 42. Rg8 Rxh3 43. Rg7+ Nd7 44. Re7 Rh5 45. Kd2 Rd5+ 46. Kc1 Re5 47. Bd4 Re4 48. c3 e5 49. Bb6 Rf4 50. Kd2 Rf3 51. Be3 Kc8 52. Re8+ Kc7 53. Re6 Bd5 54. Re7 Kc6 55. Re8 Nf6 56. Ra8 Ne4+ 57. Kd3 Kd7 58.
Rxa6 Ng3 59. Ra7+ Ke6 60. Rg7 Rxe3+ 61. Kd2 Rf3 62. a6 Ne4+ 63. Ke1 Re3+ 64. Kd1 Rxc3 65. a7 Ra3 66. Kc2 Ra4 67. Rc7 Nf6 68. Kc3 Nd7 69. Kb2 Rxb4+ 70. Ka3 Ra4+ 71. Kb2 b4 72. Kb1 Nc5 73.
Kb2 e4 74. Kc2 b3+ 75. Kb2 Ra2+ 76. Kc3 e3 77. Rh7 e2 78. Rh6+ Ke5 79. Rh5+ Ke6 80. Rh6+ Kd7 81. Rh7+ Kc6 82. Re7 Rxa7 83. Rxe2 Ra2 84.
Re8 Rc2+ 85. Kd4 Rc4+ 86. Ke3 Re4+ 87. Rxe4 Bxe4 88. Kd2 b2 89. Kc3 b1=Q 90. Kd4 Qd3# 0-1

[Event "*** Titled Tuesday Blitz"]
[Site "Chess.com"]
[Date "2019.03.05"]
[Round "4"]
[White "SaraciNderim"]
[Black "Hongjin"]
[Result "1-0"]
[WhiteElo "2731"]
[BlackElo "2515"]
[TimeControl "180+2"]
[EndTime "14:01:14 PST"]
[Termination "SaraciNderim won by checkmate"]

1. d4 Nf6 2. Nf3 e6 3. c4 Bb4+ 4. Bd2 Bxd2+ 5. Nbxd2 O-O 6. g3 d5 7. Bg2 Nbd7 8. O-O c6 9. Qc2 Qe7 10. e4 dxe4 11. Nxe4 Nxe4 12. Qxe4 Nf6 13. Qc2 Bd7 14. Rfe1 Rab8 15. Ne5 Rfd8 16. d5 cxd5 17. cxd5 Nxd5 18. Bxd5 exd5 19. Nc6 Qxe1+ 20. Rxe1 Bxc6 21. f3 d4 22. Qd3 Rd7 23. b3 h6 24. Kf2 a6 25. a4 Rbd8 26.
h4 Rd5 27. g4 Rc5 28. Rd1 Rd7 29. Qe2 Rc3 30. Rd3 Rxd3 31. Qxd3 Rd6 32. Kg3 g6 33. g5 hxg5 34. hxg5 Rd5 35. f4 Kg7 36. Kf2 Rd6 37. Ke1 Kf8 38. Kd2 Ke7 39. Qc4 Re6 40. Qc5+ Kd7 41. Qf8 Re7 42. Kd3 Bd5 43.
b4 Bc6 44. a5 Ke6 45. Kxd4 Rd7+ 46. Ke3 Kf5 47. Qc5+ Rd5 48. Qe7 Rd7 49. Qf6+ Kg4 50. Ke2 Bb5+ 51. Kf2 Rd2+ 52. Ke1 Rd7 53. Qe5 Kf3 54.
f5 gxf5 55. Qxf5+ Ke3 56. Qc5+ Kf4 57. Kf2 Rd2+ 58. Kg1 Rd1+ 59. Kf2 Rd2+ 60. Ke1 Rd7 61. Qg1 Kf5 62. Qg3 Kg6 63. Qf4 Kg7 64. Qf6+ Kg8 65. Kf2 Rd2+ 66. Ke3 Rd3+ 67. Ke4 Rd7 68. Ke5 Rd1 69.
Qf3 Rd7 70. Qc3 Bc6 71. Kf6 Rd6+ 72. Ke7 Re6+ 73. Kd8 Re8+ 74. Kc7 Re7+ 75. Kb6 Re6 76.
Ka7 Rg6 77. Qe5 Re6 78. Qf4 Rg6 79. Kb8 Re6 80. Kc7 Rg6 81. Kd8 Re6 82. Kc7 Rg6 83. Qd2 Re6 84. Qd8+ Kg7 85. Kb6 Rg6 86. Qd4+ Kg8 87. b5 axb5 88. Kc7 Re6 89. Qg4 Rg6 90. Qc8+ Kg7 91. Qg4 Kg8 92. Qf4 Kg7 93. Kb6 Kg8 94.
Kc5 Kg7 95. Kd4 Kg8 96. Qf5 Kg7 97. Ke5 Re6+ 98. Kf4 Rg6 99. Qe5+ Kg8 100. Qc7 Re6 101. Qb6 Kg7 102. a6 bxa6 103. Qxa6 Re4+ 104. Kg3 Re6 105. Qb6 Kg6 106. Qd8 Kf5 107. Kf2 Kg6 108. Qg8+ Kf5 109. Qxf7+ Ke5 110. Kg3 Bd5 111. Qf4# 1-0

[Event "*** Titled Tuesday Blitz"]
[Site "Chess.com"]
[Date "2019.03.05"]
[Round "4"]
[White "Tjktiger"]
[Black "Blitzstream"]
[Result "1/2-1/2"]
[WhiteElo "2787"]
[BlackElo "2573"]
[TimeControl "180+2"]
[EndTime "14:03:44 PST"]
[Termination "Game drawn by repetition"]

1. d4 d5 2. c4 c6 3. Nc3 Nf6 4. cxd5 cxd5 5. Bf4 Nc6 6. e3 e6 7. Bd3 Bd6 8. Bxd6 Qxd6 9. f4 O-O 10. Nf3 Nb4 11. Bb1 b6 12. a3 Nc6 13. Bd3 Bb7 14.
Ne5 Ne7 15. Rc1 a6 16. Qb3 b5 17. O-O Ne4 18. Bxe4 dxe4 19. a4 Nf5 20. Rfe1 f6 21.
Nc4 bxc4 22. Qxb7 Rab8 23. Qxe4 Rxb2 24. d5 Nh4 25. Qxe6+ Qxe6 26. dxe6 Rxg2+ 27. Kh1 f5 28. Nd5 Re8 29. e7 Ra2 30. Ra1 Rf2 31. Rf1 Rd2 32.
Rad1 Ra2 33. Ra1 Rd2 34. Rad1 Ra2 35. Rb1 Rd2 36. Rbd1 Ra2 37. Rd4 Rxa4 38. Nb6 Ra2 39. Nc8 c3 40. Rd8 Kf7 41. Nd6+ Kxe7 42. Rxe8+ Kxd6 43. Rc8 c2 44. Rc1 Kd5 45. R8xc2 Rxc2 46. Rxc2 Ke4 47.
Rc3 Kf3 48. Ra3 g6 49. Kg1 h6 50. Kf1 g5 51. Rxa6 Kxe3 52. fxg5 hxg5 53. Ra3+ Kf4 54. Kf2 g4 55. Ra4+ Kg5 56. Ra5 Ng6 57. Kg3 Nf4 58. Ra8 Nh5+ 59. Kf2 Nf4 60. Ke3 Ng2+ 61. Kd4 Kf4 62.
Ra2 Nh4 63. Rf2+ Nf3+ 64. Kd3 g3 65. hxg3+ Kxg3 66. Ke3 f4+ 67. Ke2 Nd4+ 68. Kf1 f3 69. Ra2 Nf5 70. Ra3 Nd4 71. Ra8 Kf4 72. Kf2 Ke4 73. Ra4 Kd3 74. Ra3+ Ke4 75. Re3+ Kd5 76. Re8 Kd6 77. Ke3 Ne6 78. Kxf3 Nc7 79. Re1 Kd5 80. Kf4 Ne6+ 81. Ke3 Ke5 82. Ra1 Kd5 83. Ra5+ Kd6 84. Ke4 Nc5+ 85. Kf5 Kd5 86. Ra1 Kd4 87. Rd1+ Nd3 88. Rh1 Nc5 89. Rh8 Kd5 90. Rd8+ Kc4 91.
Ke5 Nd3+ 92. Ke4 Nc5+ 93. Ke3 Kb5 94. Rd6 Kc4 95. Rd1 Nb3 96. Rd3 Nc5 97. Rd4+ Kb5 98.
Rg4 Kc6 99. Kd4 Ne6+ 100. Ke5 Nc5 101. Rc4 Kb5 102. Kd5 Na4 103. Rc1 Nb6+ 104. Kd4 Na4 105. Rc4 Nb6 106. Rc5+ Kb4 107. Rc7 Kb5 108. Rc1 Na4 109. Rc8 Nb6 110. Rc7 Na4 111. Rh7 Kc6 112. Rh6+ Kb5 113. Rh1 Kc6 114. Rc1+ Kb5 1/2-1/2

[Event "*** Titled Tuesday Blitz"]
[Site "Chess.com"]
[Date "2019.03.05"]
[Round "5"]
[White "ChessWarrior7197"]
[Black "LukasHandler"]
[Result "1-0"]
[WhiteElo "2836"]
[BlackElo "2384"]
[TimeControl "180+2"]
[EndTime "14:05:19 PST"]
[Termination "ChessWarrior7197 won by resignation"]

1. e4 c5 2. Nf3 d6 3. d4 cxd4 4.
Nxd4 Nf6 5. f3 a6 6. c4 g6 7. Nc3 Bg7 8. Be3 Nbd7 9. Be2 Qc7 10. O-O O-O 11. Rc1 b6 12. Nd5 Qd8 13. Nc6 Qe8 14.
Nc7 1-0

[Event "*** Titled Tuesday Blitz"]
[Site "Chess.com"]
[Date "2019.03.05"]
[Round "5"]
[White "The_Lost_Rogainer"]
[Black "Svet99"]
[Result "1-0"]
[WhiteElo "2110"]
[BlackElo "2140"]
[TimeControl "180+2"]
[EndTime "14:07:00 PST"]
[Termination "The_Lost_Rogainer won by resignation"]

1. d4 d5 2. c4 dxc4 3. Nf3 Nf6 4. e3 e6 5. Bxc4 c5 6. O-O a6 7. Bb3 b5 8. a4 Bb7 9. axb5 axb5 10. Rxa8 Bxa8 11.
Qe2 c4 12. Bc2 Be7 13. Na3 Bc6 14. Rd1 O-O 15. e4 Qc7 16. Ne5 Be8 17. Bf4 Qa7 18. d5 exd5 19. exd5 Bd6 20. Nc6 Qc7 21. Nxb5 1-0

[Event "*** Titled Tuesday Blitz"]
[Site "Chess.com"]
[Date "2019.03.05"]
[Round "5"]
[White "NoGalloNoParty"]
[Black "Poghosyan_Suren"]
[Result "0-1"]
[WhiteElo "2338"]
[BlackElo "2486"]
[TimeControl "180+2"]
[EndTime "14:08:24 PST"]
[Termination "Poghosyan_Suren won by resignation"]

1. Nf3 Nf6 2. c4 c5 3. g3 g6 4. b3 Bg7 5. Bb2 O-O 6. Bg2 Nc6 7. O-O d6 8. Nc3 e5 9. d3 Nd4 10. e3 Nxf3+ 11. Bxf3 Qe7 12. Bg2 Bg4 13. Qd2 Qd7 14. Rfe1 Bh3 15. e4 h5 16. Nd5 Nxd5 17. cxd5 h4 18. Qg5 hxg3 19. hxg3 Qg4 20. Bc1 f5 21. Bxh3 Qxh3 22. Qxg6 Rf6 23. Qg5 Rh6 0-1

[Event "*** Titled Tuesday Blitz"]
[Site "Chess.com"]
[Date "2019.03.05"]
[Round "5"]
[White "jocmil"]
[Black "x-6099009240"]
[Result "1-0"]
[WhiteElo "2430"]
[BlackElo "2269"]
[TimeControl "180+2"]
[EndTime "14:08:57 PST"]
[Termination "jocmil won by checkmate"]

1. e4 c5 2. Nc3 a6 3. f4 g6 4. Nf3 Bg7 5. e5 d5 6. d4 cxd4 7. Nxd4 Nh6 8. Be2 Nc6 9. Be3 Nxd4 10. Bxd4 Nf5 11. Qd2 Nxd4 12. Qxd4 e6 13. h4 h5 14. O-O-O Qa5 15. g4 hxg4 16. Bxg4 Bf8 17. h5 gxh5 18. Rxh5 Rxh5 19. Bxh5 Bb4 20. Rg1 Bxc3 21. bxc3 Qxa2 22. Rg8+ Kd7 23. Qc5 Qa1+ 24. Kd2 Qa4 25. Qd6# 1-0

[Event "*** Titled Tuesday Blitz"]
[Site "Chess.com"]
[Date "2019.03.05"]
[Round "5"]
[White "penguingm1"]
[Black "Last7Samurai"]
[Result "1-0"]
[WhiteElo "2894"]
[BlackElo "2685"]
[TimeControl "180+2"]
[EndTime "14:09:00 PST"]
[Termination "penguingm1 won by resignation"]

1. d4 d5 2. Bf4 c5 3. e3 cxd4 4.
exd4 Nc6 5. c3 Bf5 6. Nf3 Qb6 7. Qb3 e6 8. Nbd2 Nf6 9. Qxb6 axb6 10. Bb5 Nd7 11. a4 Be7 12. Ke2 O-O 13. Nf1 h6 14. Ne3 Bh7 15. h4 Bf6 16. g4 Be4 17. g5 Bxf3+ 18. Kxf3 hxg5 19. hxg5 Be7 20. Rh3 f5 21. g6 Rf6 22. Rah1 Rxg6 23. Rh8+ Kf7 24. Rxa8 e5 25.
Bxe5 Ncxe5+ 26. dxe5 Nxe5+ 27. Ke2 Rd6 28. Nxf5 1-0

[Event "*** Titled Tuesday Blitz"]
[Site "Chess.com"]
[Date "2019.03.05"]
[Round "5"]
[White "Saitama_Hero"]
[Black "checkmatequen"]
[Result "1-0"]
[WhiteElo "2226"]
[BlackElo "2113"]
[TimeControl "180+2"]
[EndTime "14:09:05 PST"]
[Termination "Saitama_Hero won by checkmate"]

1. d4 Nf6 2. Bg5 e6 3. c3 c5 4. Bxf6 Qxf6 5. Nf3 Nc6 6. e3 d5 7. Nbd2 Bd6 8. Bd3 O-O 9. O-O e5 10. e4 exd4 11. exd5 Ne5 12. Nxe5 Bxe5 13. Ne4 Qb6 14.
Qh5 f5 15. Ng5 h6 16. Rfe1 hxg5 17. Rxe5 Qxb2 18. Rae1 Qxc3 19. Re7 Be6 20. Rxg7+ Kxg7 21. Qxg5+ Kf7 22. dxe6+ Ke8 23. Bb5# 1-0

[Event "*** Titled Tuesday Blitz"]
[Site "Chess.com"]
[Date "2019.03.05"]
[Round "5"]
[White "Msb2"]
[Black "riconaipe"]
[Result "1-0"]
[WhiteElo "2789"]
[BlackElo "2438"]
[TimeControl "180+2"]
[EndTime "14:09:20 PST"]
[Termination "Msb2 won by resignation"]

1. d4 d5 2. c4 e6 3. Nf3 Nf6 4. g3 Be7 5. Bg2 O-O 6. O-O b6 7. cxd5 exd5 8. Nc3 Bb7 9. Bf4 Nbd7 10. Rc1 a6 11. Ne5 Nxe5 12. dxe5 Ne4 13. Nxe4 dxe4 14. Qc2 Qd5 15. Qxc7 Bd8 16. Qc4 Qxc4 17. Rxc4 b5 18. Rd4 Bb6 19. Rd7 Ra7 20. Be3 Bxe3 21. fxe3 Re8 22.
Rfxf7 1-0

[Event "*** Titled Tuesday Blitz"]
[Site "Chess.com"]
[Date "2019.03.05"]
[Round "5"]
[White "Andrei_Belozerov"]
[Black "toog"]
[Result "1-0"]
[WhiteElo "2480"]
[BlackElo "2241"]
[TimeControl "180+2"]
[EndTime "14:09:22 PST"]
[Termination "Andrei_Belozerov won by checkmate"]

1. e4 c5 2. Nf3 d6 3. d4 cxd4 4. Nxd4 Nf6 5. Nc3 a6 6. f3 Nbd7 7. Be3 b5 8. Qd2 e6 9. g4 h6 10. O-O-O Bb7 11. h4 b4 12. Na4 Qa5 13. b3 Rc8 14. Kb1 d5 15. Bh3 dxe4 16. g5 Nd5 17.
g6 Nc3+ 18. Nxc3 bxc3 19. gxf7+ Ke7 20. Nf5+ exf5 21. Qxd7+ Kf6 22. Bd4+ Kg6 23. h5+ Kg5 24.
Rhg1+ Kh4 25. Bxf5 Qa3 26. Rg4+ Kh3 27. Rh1# 1-0

[Event "*** Titled Tuesday Blitz"]
[Site "Chess.com"]
[Date "2019.03.05"]
[Round "5"]
[White "KhalilMousavi77"]
[Black "Shant_Sargsyan"]
[Result "1-0"]
[WhiteElo "2676"]
[BlackElo "2907"]
[TimeControl "180+2"]
[EndTime "14:09:26 PST"]
[Termination "KhalilMousavi77 won by resignation"]

1. c4 e5 2. Nc3 Nf6 3. Nf3 Nc6 4. e4 Bd6 5. g3 O-O 6. Bg2 Re8 7. O-O Bc5 8. d3 d6 9. h3 h6 10. Be3 a5 11. Nd5 Be6 12. Kh2 b6 13. Nh4 Nd4 14.
Qd2 Bxd5 15. cxd5 g5 16. Bxd4 gxh4 17. Bxc5 dxc5 18. Qxh6 Qd6 19. Qxh4 Kg7 20. f4 Nh7 21. fxe5 Rxe5 22. Rxf7+ Kxf7 23. Qxh7+ Ke8 24. Qh8+ Ke7 25. Qxa8 Rg5 26. e5 Qxe5 27. d6+ Kxd6 28. Qc6+ Ke7 29. Qe4 1-0

[Event "*** Titled Tuesday Blitz"]
[Site "Chess.com"]
[Date "2019.03.05"]
[Round "5"]
[White "A-Fier"]
[Black "Zq1"]
[Result "0-1"]
[WhiteElo "2727"]
[BlackElo "2554"]
[TimeControl "180+2"]
[EndTime "14:09:27 PST"]
[Termination "Zq1 won by resignation"]

1. Nf3 Nf6 2. c4 e6 3. g3 d5 4. Bg2 Be7 5. b3 O-O 6. O-O c5 7. e3 Nc6 8. Bb2 b6 9. Qe2 Ba6 10. d3 dxc4 11. bxc4 Qd7 12. Nc3 Rfd8 13. Rfd1 Rac8 14.
Ne1 Qe8 15. g4 h6 16. f4 Nh7 17. Ne4 Bb7 18. Nf3 Na5 19. Ng3 Bf6 20. Ne5 Bxg2 21. Qxg2 Nc6 22. Nh5 Nxe5 23. Nxf6+ Nxf6 24. Bxe5 Qc6 25.
Qg3 Rd7 26. g5 hxg5 27. Qxg5 Ne8 28. Qg4 Rcd8 29. Qe2 b5 30. cxb5 Qxb5 31. a4 Qa6 32. Rac1 f6 33. Bb2 Rxd3 34. Rxd3 Qxd3 35. Qxd3 Rxd3 36.
Rxc5 Rxe3 37. Ra5 Nc7 38. Rxa7 Nd5 39. a5 Rb3 40. Bd4 Nxf4 41. Kf1 e5 42. Bc5 Rb1+ 43.
Kf2 Nd3+ 0-1